 Dungeon Crawl Stone Soup version 0.25-a0-503-ge281fa673e (webtiles) character file.

Game seed: 5568083142107907416, levelgen mode: deterministic

139 Esekla the Magician (level 5, 0/28 HPs)
             Began as a Deep Elf Wizard on Feb 13, 2020.
             Slain by a shadow imp (3 damage)
             ... in the Ecumenical Temple.
             The game lasted 00:20:17 (2912 turns).

Esekla the Magician (Deep Elf Wizard)               Turns: 2912, Time: 00:20:18

Health: 0/28       AC:  3    Str:  5    XL:     5   Next: 1%
Magic:  5/16       EV: 14    Int: 23    God:
Gold:   108        SH:  0    Dex: 16    Spells: 8/17 levels left

rFire    . . .     SeeInvis .   b - +0 short sword
rCold    . . .     Gourm    .   (no shield)
rNeg     . . .     Faith    .   a - +0 robe
rPois    .         Spirit   .   l - +0 helmet
rElec    .         Reflect  .   (no cloak)
rCorr    .         Harm     .   (no gloves)
MR       .....                  (no boots)
Stlth    ++........             (no amulet)
HPRegen  0.09/turn              k - +3 ring of dexterity
MPRegen  0.15/turn              (no ring)

@: no status effects
A: no striking features
a: no special abilities


You were in the Ecumenical Temple.
You were not hungry.

You visited 2 branches of the dungeon, and saw 6 of its levels.

You collected 108 gold pieces.

Inventory:

Hand Weapons
 b - a +0 short sword (weapon)
Missiles
 n - 3 boomerangs (quivered)
Armour
 a - a +0 robe (worn)
 l - a +0 helmet (worn)
Jewellery
 k - a +3 ring of dexterity (left hand)
 o - an uncursed ring of flight {unknown}
Scrolls
 c - a scroll of identify {unknown}
 i - a scroll of magic mapping {unknown}
 m - 2 scrolls of teleportation {unknown}
Potions
 e - 3 potions of curing {unknown}
 f - a potion of lignification {unknown}
 g - a potion of flight {unknown}
 h - a potion of cancellation {unknown}
 j - a potion of mutation {unknown}
Comestibles
 d - 3 rations


   Skills:
 + Level 0.2 Short Blades
 * Level 3.2 Dodging
 - Level 2.4 Stealth
 * Level 6.8 Spellcasting
 + Level 1.7 Conjurations
   Level 1.1 Summonings
 * Level 1.6 Translocations
 * Level 0.2 Air Magic
 * Level 0.6 Poison Magic


You had 8 spell levels left.
You knew the following spells:

 Your Spells              Type           Power        Failure   Level  Hunger
a - Magic Dart            Conj           ###.         3%          1    None
b - Blink                 Tloc           N/A          6%          2    None
c - Mephitic Cloud        Conj/Pois/Air  ##......     17%         3    None
f - Conjure Flame         Conj/Fire      ##......     16%         3    None

Your spell library contained the following spells:

 Spells                   Type           Power        Failure   Level  Hunger
 Call Imp                 Summ           ##......     8%          2    None
 Slow                     Hex            #.......     12%         2    None


Dungeon Overview and Level Annotations

Branches:
Dungeon (5/15)             Temple (1/1) D:5

Altars:
Ashenzari
Elyvilon
Qazlal
Yredelemnul

Annotations:
D:3 Ijyb, Terence
D:5 Menkaure


Message History

The shadow imp is moderately wounded.
The shadow imp hits you.
* * * LOW HITPOINT WARNING * * *
Casting: Magic Dart (safe; 3% risk of failure)
Confirm with . or Enter, or press ? or * to list all spells.
Aiming: Magic Dart (safe; 3% risk of failure)
Press: ? - help, Shift-Dir - straight line, f/p - shadow imp
Aim: a shadow imp (moderately wounded)
The magic dart hits the shadow imp.
The shadow imp is heavily wounded.
The shadow imp hits you but does no damage.
Casting: Magic Dart (safe; 3% risk of failure)
Confirm with . or Enter, or press ? or * to list all spells.
Aiming: Magic Dart (safe; 3% risk of failure)
Press: ? - help, Shift-Dir - straight line, f/p - shadow imp
Aim: a shadow imp (heavily wounded)
The magic dart hits the shadow imp.
The shadow imp is severely wounded.
The shadow imp hits you.
You die...

..# #. ...# #..
....## ##...
#.....##+##.....
#......@........
##....85..8....#
#.............#
+......<......+
#.............#
#....8...8....#
#...............
#.....##+##.....
...## ##...


You could see a shadow imp.

Vanquished Creatures
  A worker ant (D:5)
  Robin (D:3)
  5 adders
  3 dart slugs
  A leopard gecko (D:2)
  3 orcs (D:3)
  A ball python (D:2)
  2 giant cockroaches (D:1)
  8 goblins
  10 hobgoblins
  2 jackals (Temple)
  A quokka (D:3)
  5 bats
  3 frilled lizards
  6 rats
52 creatures vanquished.

Notes
Turn   | Place    | Note
-------+----------+-------------------------------------------
     0 | D:1      | Esekla the Deep Elf Wizard began the quest for the Orb.
     0 | D:1      | Reached XP level 1. HP: 10/10 MP: 7/7
   376 | D:2      | Reached skill level 5 in Spellcasting
   376 | D:2      | Reached XP level 2. HP: 15/15 MP: 6/10
   385 | D:2      | Learned a level 2 spell: Blink
   489 | D:2      | Reached XP level 3. HP: 16/19 MP: 1/12
   985 | D:1      | Reached skill level 6 in Spellcasting
  1673 | D:1      | Reached XP level 4. HP: 17/24 MP: 7/14
  2174 | D:3      | Learned a level 3 spell: Mephitic Cloud
  2178 | D:3      | Learned a level 3 spell: Conjure Flame
  2185 | D:3      | Found a white marble altar of Elyvilon.
  2185 | D:3      | Found a basalt altar of Yredelemnul.
  2186 | D:3      | Found a stormy altar of Qazlal.
  2212 | D:3      | Found a shattered altar of Ashenzari.
  2256 | D:3      | Noticed Robin
  2269 | D:3      | Killed Robin
  2420 | D:2      | You fall into a shaft and drop 1 floor!
  2422 | D:3      | Noticed Terence
  2644 | D:3      | Noticed Ijyb
  2756 | D:4      | You fall into a shaft and drop 1 floor!
  2756 | D:5      | Entered Level 5 of the Dungeon
  2756 | D:5      | Found a staircase to the Ecumenical Temple.
  2780 | D:5      | Reached XP level 5. HP: 17/28 MP: 2/16
  2889 | D:5      | Noticed Menkaure
  2901 | Temple   | Entered the Ecumenical Temple
  2912 | Temple   | Slain by a shadow imp

Levels and vault maps discovered:
D:1:      evilmike_arrival_fibonacci_small, layout_basic, minmay_misc_feat_cross
D:2:      layout_loops_ring, first_ration
D:3:      kennysheep_big_flooded_room, layout_rooms,
          nicolae_overflow_quartered_altars, uniq_terence,
          uniq_crazy_yiuf_cottage, uniq_robin, uniq_ijyb
D:4:      layout_rooms, gammafunk_ghost_grave, lightli_corner_chamber,
          uniq_grinder, uniq_pikel
D:5:      layout_cave_pools, eat_drink_and_be_merry_uskayaw,
          cheibriados_altar_1, minmay_temple_entry_mist, serial_glass,
          glass_columns_c, glass_columns_a, glass_columns_a, glass_columns_c,
          glass_columns_a, glass_columns_c, glass_columns_a, glass_columns_a,
          glass_columns_a, glass_columns_b, hangedman_decor_clover_reticule,
          nemelex_lonely_heart_becter, uniq_menkaure
Temple:   minmay_temple_curvy_branch

Skill      XL: |  1  2  3 |
---------------+----------+-----
Spellcasting   | 5 6 |  6.8
Dodging        | 3 |  3.2
Short Blades   | |  0.2
Stealth        | |  2.4
Conjurations   | |  1.7
Summonings     | |  1.1
Translocations | |  1.6
Air Magic      | |  0.2
Poison Magic   | |  0.6

Action                   |  1- 3 |  4- 6 || total
-------------------------+-------+-------++-------
Melee: Short sword       |       |    22 ||    22
Throw: Boomerang         |       |     2 ||     2
 Cast: Magic Dart        |    80 |    65 ||   145
       Blink             |       |     3 ||     3
       Mephitic Cloud    |       |     1 ||     1
 Stab: Sleeping          |       |     1 ||     1
  Eat: Chunk             |     1 |     2 ||     3
       Ration            |       |     1 ||     1
Armor: Robe              |     6 |     7 ||    13
Dodge: Dodged            |    20 |    49 ||    69

Table legend:
 A = Non-vault XP
 B = Vault XP
 C = Vault XP percentage of total XP
 D = Non-vault monster count
 E = Vault monster count
 F = Vault count percentage of total count
                 A         B        C        D         E       F
            +---------+---------+-------+---------+---------+-------
      Total |     170 |      29 |  14.6 |      43 |       9 |  17.3
            +---------+---------+-------+---------+---------+-------
        D:1 |      31 |       0 |   0.0 |      15 |       0 |   0.0
        D:2 |      73 |       0 |   0.0 |      17 |       0 |   0.0
        D:3 |      29 |      29 |  50.0 |       7 |       9 |  56.2
        D:5 |      35 |       0 |   0.0 |       2 |       0 |   0.0
     Temple |       2 |       0 |   0.0 |       2 |       0 |   0.0
            +---------+---------+-------+---------+---------+-------
